3L
SC STORM @ NORFOLK CRUISERS
09/17/2017
 
TOP OF THE 1ST
SC Storm batting - Pitching for Norfolk Cruisers : RHP Gonçalo Conxacha
Pitching: RHP Gonçalo Conxacha
Batting: LHB Vern Forrest 0-0: Ball
1-0: Called Strike
1-1: Ground out 1-3 (Groundball, 15S)
Batting: RHB Bob Myers 0-0: Ball
1-0: Ball
2-0: Called Strike
2-1: Foul Ball, location: 2F
2-2: Strikes out swinging
Batting: LHB Aukukero Mincarlie 0-0: Foul Ball, location: 2F
0-1: Ball
1-1: SOLO HOME RUN (Flyball, 89XD), Distance : 424 ft
Batting: RHB Kyle Myers 0-0: Ground out 5-3 (Groundball, 56S)
Top of the 1st over - 1 run(s), 1 hit(s), 0 error(s), 0 left on base; SC 1 - Norfolk 0
BOTTOM OF THE 1ST
Norfolk Cruisers batting - Pitching for SC Storm : RHP Héctor Amaya
Pitching: RHP Héctor Amaya
Batting: LHB José Meléndez 0-0: Foul Ball, location: 2F
0-1: Swinging Strike
0-2: Fly out, F5 (Popup, 56S)
Batting: RHB Xie-li Kan 0-0: Called Strike
0-1: Foul Ball, location: 2F
0-2: Ball
1-2: Strikes out swinging
Batting: RHB Carlos Rodríguez 0-0: Called Strike
0-1: Fly out, F6 (Popup, 6M)
Bottom of the 1st over - 0 run(s), 0 hit(s), 0 error(s), 0 left on base; SC 1 - Norfolk 0
TOP OF THE 2ND
SC Storm batting - Pitching for Norfolk Cruisers : RHP Gonçalo Conxacha
Batting: RHB Lane Rich 0-0: Called Strike
0-1: Foul Ball, location: 2F
0-2: Foul Ball, location: 2F
0-2: Ball
1-2: Ground out 5-3 (Groundball, 5L)
Batting: LHB Jonathan Brock 0-0: Ball
1-0: Fly out, F9 (Flyball, 9M)
Batting: RHB Jorge Rocha 0-0: Fly out, F4 (Popup, 3D)
Top of the 2nd over - 0 run(s), 0 hit(s), 0 error(s), 0 left on base; SC 1 - Norfolk 0
BOTTOM OF THE 2ND
Norfolk Cruisers batting - Pitching for SC Storm : RHP Héctor Amaya
Batting: RHB Jorge Gómez 0-0: Ball
1-0: Ball
2-0: DOUBLE (Flyball, 7D)
Batting: SHB Omar Gutiérrez 0-0: Called Strike
0-1: Fly out, F4 (Line Drive, 4M)
Batting: RHB Terry Sylvester 0-0: DOUBLE (Groundball, 5L)
Jorge Gómez scores
Batting: RHB Bill Childers 0-0: SINGLE (Groundball, 6MD)
Terry Sylvester to third
Runner from 3rd tries for Home, SAFE, no throw or cutoff
Batting: RHB Floyd Mitchell 0-0: Foul Ball, location: 2F
0-1: Foul Ball, location: 2F
0-2: Grounds into double play, 6-4-3 (Groundball, 6)
Bottom of the 2nd over - 2 run(s), 3 hit(s), 0 error(s), 0 left on base; SC 1 - Norfolk 2
TOP OF THE 3RD
SC Storm batting - Pitching for Norfolk Cruisers : RHP Gonçalo Conxacha
Batting: RHB Ron Humboldt 0-0: Called Strike
0-1: Fly out, F8 (Flyball, 8LS)
Batting: RHB Héctor Amaya 0-0: Ball
1-0: Called Strike
1-1: Ground out 4-3 (Groundball, 4)
Batting: LHB Vern Forrest 0-0: Called Strike
0-1: SINGLE (Groundball, 4MD) (infield hit)
Batting: RHB Bob Myers 0-0: Ball
1-0: Fly out, F8 (Flyball, 8RS)
Top of the 3rd over - 0 run(s), 1 hit(s), 0 error(s), 1 left on base; SC 1 - Norfolk 2
BOTTOM OF THE 3RD
Norfolk Cruisers batting - Pitching for SC Storm : RHP Héctor Amaya
Batting: RHB Gonçalo Conxacha 0-0: Ball
1-0: Foul Ball, location: 2F
1-1: Fly out, F7 (Flyball, 7M)
Batting: LHB José Meléndez 0-0: Ball
1-0: Ball
2-0: Called Strike
2-1: Foul Ball, location: 2F
2-2: Ground out 1-3 (Groundball, 15)
Batting: RHB Xie-li Kan 0-0: Ball
1-0: Called Strike
1-1: Ball
2-1: Ground out 5-3 (Groundball, 5)
Bottom of the 3rd over - 0 run(s), 0 hit(s), 0 error(s), 0 left on base; SC 1 - Norfolk 2
TOP OF THE 4TH
SC Storm batting - Pitching for Norfolk Cruisers : RHP Gonçalo Conxacha
Batting: LHB Aukukero Mincarlie 0-0: Hit by Pitch
Batting: RHB Kyle Myers 0-0: Foul Ball, location: 2F
0-1: Ball
1-1: Foul Ball, location: 2F
1-2: Foul Ball, location: 2F
1-2: Foul Ball, location: 2F
1-2: Fly out, F6 (Line Drive, 56D)
Batting: RHB Lane Rich 0-0: Grounds into double play, 4-6-3 (Groundball, 4)
Top of the 4th over - 0 run(s), 0 hit(s), 0 error(s), 0 left on base; SC 1 - Norfolk 2
BOTTOM OF THE 4TH
Norfolk Cruisers batting - Pitching for SC Storm : RHP Héctor Amaya
Batting: RHB Carlos Rodríguez 0-0: Ball
1-0: Fly out, F4 (Popup, 4D)
Batting: RHB Jorge Gómez 0-0: Ball
1-0: Ball
2-0: Called Strike
2-1: Ground out 4-3 (Groundball, 4)
Batting: SHB Omar Gutiérrez 0-0: Called Strike
0-1: Ball
1-1: Ball
2-1: Ground out U3 (Groundball, 3S)
Bottom of the 4th over - 0 run(s), 0 hit(s), 0 error(s), 0 left on base; SC 1 - Norfolk 2
TOP OF THE 5TH
SC Storm batting - Pitching for Norfolk Cruisers : RHP Gonçalo Conxacha
Batting: LHB Jonathan Brock 0-0: Ball
1-0: Fly out, F8 (Flyball, 8RXD)
Batting: RHB Jorge Rocha 0-0: Ground out 1-3 (Groundball, 13)
Batting: RHB Ron Humboldt 0-0: Ball
1-0: Ball
2-0: Ball
3-0: Base on Balls
Batting: RHB Héctor Amaya 0-0: Ball
1-0: Called Strike
1-1: Foul Ball, location: 2F
1-2: Strikes out looking
Top of the 5th over - 0 run(s), 0 hit(s), 0 error(s), 1 left on base; SC 1 - Norfolk 2
BOTTOM OF THE 5TH
Norfolk Cruisers batting - Pitching for SC Storm : RHP Héctor Amaya
Batting: RHB Terry Sylvester 0-0: Called Strike
0-1: Swinging Strike
0-2: Ball
1-2: Ball
2-2: Foul Ball, location: 2F
2-2: Ball
3-2: Base on Balls
Pitching: LHP Alexis Weaver
Batting: RHB Bill Childers 0-0: Sac Bunt - play at first, batter OUT! 1-4
Terry Sylvester to second
Batting: RHB Floyd Mitchell 0-0: Called Strike
0-1: Swinging Strike
0-2: Ball
1-2: Foul Ball, location: 2F
1-2: Ball
2-2: SINGLE (Flyball, 9LS) - OUT at second base trying to stretch hit.
Terry Sylvester scores
Batting: RHB Gonçalo Conxacha 0-0: Ball
1-0: Ball
2-0: Fly out, F8 (Flyball, 8LS)
Bottom of the 5th over - 1 run(s), 1 hit(s), 0 error(s), 0 left on base; SC 1 - Norfolk 3
TOP OF THE 6TH
SC Storm batting - Pitching for Norfolk Cruisers : RHP Gonçalo Conxacha
Batting: LHB Vern Forrest 0-0: Ground out 4-3 (Groundball, 4)
Batting: RHB Bob Myers 0-0: Called Strike
0-1: SINGLE (Line Drive, 6M)
Batting: LHB Aukukero Mincarlie Pickoff Throw to First - Error! E1
Bob Myers to second
0-0: Called Strike
0-1: Ball
1-1: SINGLE (Groundball, 34S)
Bob Myers to third
Runner from 3rd tries for Home, SAFE, throw made home
Batting: RHB Kyle Myers 0-0: Foul Ball, location: 2F
0-1: Ball
1-1: Ground out 4-3 (Groundball, 4M)
Aukukero Mincarlie to second
Batting: RHB Lane Rich 0-0: Swinging Strike
0-1: Foul Ball, location: 2F
0-2: Foul Ball, location: 2F
0-2: Ball
1-2: Foul Ball, location: 2F
1-2: Foul Ball, location: 2F
1-2: Foul Ball, location: 2F
1-2: Foul Ball, location: 2F
1-2: Strikes out looking
Top of the 6th over - 1 run(s), 2 hit(s), 1 error(s), 1 left on base; SC 2 - Norfolk 3
BOTTOM OF THE 6TH
Norfolk Cruisers batting - Pitching for SC Storm : LHP Alexis Weaver
Batting: LHB José Meléndez 0-0: Ball
1-0: Ball
2-0: Ball
3-0: Called Strike
3-1: Base on Balls
Batting: RHB Xie-li Kan 0-0: Sac Bunt - play at first, batter OUT! 5-4
José Meléndez to second
Batting: RHB Carlos Rodríguez 0-0: Called Strike
0-1: Fly out, F8 (Flyball, 8LM)
Batting: RHB Jorge Gómez 0-0: Ball
1-0: Swinging Strike
1-1: Ball
2-1: Ball
Wild Pitch!
José Meléndez to third
3-1: Base on Balls
Batting: SHB Omar Gutiérrez 0-0: Ball
1-0: Ball
2-0: Ball
3-0: Called Strike
3-1: Ground out 5-3 (Groundball, 56)
Bottom of the 6th over - 0 run(s), 0 hit(s), 0 error(s), 2 left on base; SC 2 - Norfolk 3
TOP OF THE 7TH
SC Storm batting - Pitching for Norfolk Cruisers : RHP Gonçalo Conxacha
Batting: LHB Jonathan Brock 0-0: Fly out, F6 (Popup, 13)
Batting: RHB Jorge Rocha 0-0: Ball
1-0: SINGLE (Line Drive, 56)
Batting: RHB Ron Humboldt 0-0: Swinging Strike
0-1: Ball
1-1: Foul Ball, location: 2F
1-2: Ball
2-2: Foul Ball, location: 2F
2-2: Ball
3-2: SINGLE (Groundball, 56D)
Jorge Rocha to second
Pinch Hitting: RHB Ron Blanton 0-0: Ball
1-0: Called Strike
1-1: Foul Ball, location: 2F
1-2: Foul Ball, location: 2F
1-2: Fly out, F7 (Flyball, 7M)
Batting: LHB Vern Forrest 0-0: Ball
1-0: Ball
2-0: Ball
Balk!
Jorge Rocha to third
Ron Humboldt to second
3-0: Called Strike
3-1: Base on Balls
Batting: RHB Bob Myers 0-0: Foul Ball, location: 2F
0-1: Ball
1-1: Called Strike
1-2: Ball
2-2: Ball
Wild Pitch!
Jorge Rocha scores
Ron Humboldt to third
Vern Forrest to second
3-2: Fly out, F7 (Flyball, 78M)
Top of the 7th over - 1 run(s), 2 hit(s), 0 error(s), 2 left on base; SC 3 - Norfolk 3
BOTTOM OF THE 7TH
Norfolk Cruisers batting - Pitching for SC Storm : LHP Alexis Weaver
Pitching: RHP José Sánchez
Batting: RHB Terry Sylvester 0-0: Ball
1-0: Ball
2-0: Called Strike
2-1: Ball
3-1: Base on Balls
Pinch Hitting: RHB David Gómez 0-0: Called Strike
0-1: Ball
1-1: Ball
2-1: Foul Ball, location: 2F
2-2: Ball
3-2: Strikes out looking
Batting: RHB Floyd Mitchell 0-0: Ball
1-0: Foul Ball, location: 2F
1-1: Ball
2-1: Ball
3-1: Called Strike
3-2: Strikes out swinging
Batting: RHB Gonçalo Conxacha 0-0: Ball
1-0: Swinging Strike
1-1: SINGLE (Groundball, 6MD)
Terry Sylvester to second
Batting: LHB José Meléndez 0-0: Called Strike
0-1: Ball
1-1: Called Strike
1-2: Ball
2-2: Foul Ball, location: 2F
2-2: Ball
3-2: SINGLE (Groundball, 4M)
Terry Sylvester to third
Gonçalo Conxacha to second
Terry Sylvester scores
Gonçalo Conxacha to third
Batting: RHB Xie-li Kan 0-0: Called Strike
0-1: Swinging Strike
0-2: Fly out, F3 (Popup, 3F)
Bottom of the 7th over - 1 run(s), 2 hit(s), 0 error(s), 2 left on base; SC 3 - Norfolk 4
TOP OF THE 8TH
SC Storm batting - Pitching for Norfolk Cruisers : RHP Gonçalo Conxacha
Now in LF: David Gómez
Batting: LHB Aukukero Mincarlie 0-0: Called Strike
0-1: DOUBLE (Groundball, 3L)
Batting: RHB Kyle Myers 0-0: Ball
1-0: Called Strike
1-1: Ball
2-1: Ball
3-1: Base on Balls
Batting: RHB Lane Rich 0-0: Called Strike
0-1: Ground out 5-3 (Groundball, 5S)
Aukukero Mincarlie to third
Kyle Myers to second
Batting: LHB Jonathan Brock 0-0: Called Strike
0-1: Ball
1-1: Ball
2-1: Called Strike
2-2: Strikes out looking
Batting: RHB Jorge Rocha 0-0: Ball
1-0: Ground out 6-3 (Groundball, 6)
Top of the 8th over - 0 run(s), 1 hit(s), 0 error(s), 2 left on base; SC 3 - Norfolk 4
BOTTOM OF THE 8TH
Norfolk Cruisers batting - Pitching for SC Storm : RHP José Sánchez
Batting: RHB Carlos Rodríguez 0-0: Ball
1-0: SINGLE (Line Drive, 4M)
Batting: RHB Jorge Gómez 0-0: Called Strike
0-1: Ball
1-1: Called Strike
1-2: Fielders Choice at 2nd, 1-6 (Groundball, 15)
Batting: SHB Omar Gutiérrez 0-0: Ball
1-0: Ball
2-0: Called Strike
2-1: Called Strike
2-2: Strikes out swinging
Pitching: LHP Jeffrey Little
Now at C: Adrian Draper
Batting: RHB Terry Sylvester 0-0: Ball
1-0: Called Strike
1-1: Ball
2-1: Ball
3-1: Base on Balls
Jorge Gómez to second
Batting: RHB David Gómez 0-0: Foul Ball, location: 2F
0-1: Ball
1-1: Fly out, F4 (Popup, 3D)
Bottom of the 8th over - 0 run(s), 1 hit(s), 0 error(s), 2 left on base; SC 3 - Norfolk 4
TOP OF THE 9TH
SC Storm batting - Pitching for Norfolk Cruisers : RHP Gonçalo Conxacha
Pitching: RHP Cam Davidson
Now in RF: Bill Becker
Batting: RHB Ron Humboldt 0-0: Ball
1-0: Fly out, F2 (Popup, 2RF)
Batting: RHB Adrian Draper 0-0: Called Strike
0-1: Fly out, F5 (Popup, 5F)
Batting: LHB Vern Forrest 0-0: SINGLE (Line Drive, 8LS)
Batting: RHB Bob Myers 0-0: Swinging Strike
0-1: Ball
1-1: Ball
2-1: Called Strike
2-2: Strikes out looking
Top of the 9th over - 0 run(s), 1 hit(s), 0 error(s), 1 left on base; SC 3 - Norfolk 4
This league is powered by Out of the Park Baseball, the baseball management simulation game for PC, Mac and Linux
Saturday, February 27th, 2021 - OOTP Baseball 15.6 Build 34